 Dungeon Crawl Stone Soup version 0.28.0 (webtiles) character file.

Game seed: 225687067396963457

923 multipassport the Ducker (level 8, -4/58 HPs)
             Began as a Djinni Necromancer on Feb 10, 2022.
             Slain by an ogre (21 damage)
             ... on level 5 of the Dungeon.
             The game lasted 00:12:43 (6219 turns).

multipassport the Ducker (Djinni Necromancer)       Turns: 6219, Time: 00:12:43

Health: -4/58      AC:  3    Str:  7    XL:     8   Next: 31%
Gold:   223        EV: 18    Int: 19    God:
                   SH:  0    Dex: 14

rFire   + + .      SeeInvis .   h - +1 dagger (venom)
rCold   x . .      Faith    .   (no shield)
rNeg    . . .      Spirit   .   a - +0 robe
rPois   ∞          Reflect  .   (no helmet)
rElec   .          Harm     .   k - +0 cloak
rCorr   .          Rampage  .   (no gloves)
Will    .....                   (boots unavailable)
Stlth   ++........              (no amulet)
HPRegen 0.19/turn               o - +4 ring of evasion
MPRegen 0.00/turn               (no ring)

@: flying
A: sickness immunity, fire resistance 2, cold vulnerability 1, float, innate
caster, HP casting, extra vitality 1
a: no special abilities


You were on level 5 of the Dungeon.
You visited 1 branch of the dungeon, and saw 5 of its levels.

You collected 223 gold pieces.

Inventory:

Hand Weapons
 h - a +1 dagger of venom (weapon)
Armour
 a - a +0 robe (worn)
 k - a +0 cloak (worn)
Jewellery
 o - a +4 ring of evasion (left hand)
 p - a ring of resist corrosion
Wands
 c - a wand of polymorph (10)
Scrolls
 b - a scroll of amnesia {unknown}
 d - 3 scrolls of teleportation
 f - a scroll of identify
 g - 2 scrolls of fear
 j - a scroll of magic mapping
 m - 2 scrolls of enchant weapon {unknown}
Potions
 e - 2 potions of degeneration
 i - 2 potions of might
 l - a potion of lignification
 n - 2 potions of curing


   Skills:
 + Level 4.5 Fighting
 + Level 5.7 Dodging
 - Level 1.5 Stealth
 + Level 3.0 Unarmed Combat
 + Level 4.9 Spellcasting


You couldn't memorise any spells.
You knew the following spells:

 Your Spells              Type           Power      Damage    Failure   Level
a - Pain                  Necr           92%        1d8       1%          1
b - Animate Skeleton      Necr           46%        N/A       1%          1
c - Vampiric Draining     Necr           23%        2d7       4%          3
d - Animate Dead          Necr           11%        N/A       16%         4
e - Agony                 Necr           23%        N/A       41%         5
f - Beastly Appendage     Tmut           46%        N/A       1%          1
g - Wereblood             Tmut           23%        N/A       2%          2
h - Corpse Rot            Necr/Air       46%        N/A       2%          2
Your spell library was empty.

Dungeon Overview and Level Annotations

Branches:
Dungeon (5/15)
 Temple: D:4-7

Altars:

Portals:
Abyss: D:1***

Annotations:
D:4 1 runed translucent door, Killmatronix's ghost, amateur DsWn


Innate Abilities, Weirdness & Mutations

You are immune to sickness and miasma.
You are immune to poison.
Your flesh is very heat resistant. (rF++)
You are vulnerable to cold. (rC-)
You float through the air rather than walking.
You learn spells naturally, not from books.
Your magical power is your life essence.
You have superior vitality. (+4 MHP)


Message History

You hit the phantom. Your headbutt misses the phantom.
The phantom is severely damaged.
The phantom completely misses you.
You closely miss the phantom.
The phantom is severely damaged.
The phantom completely misses you.
You hit the phantom but do no damage.
The phantom is severely damaged.
The phantom hits you!
* * * LOW HITPOINT WARNING * * *
You hit the phantom but do no damage.
The phantom is severely damaged.
The ogre shouts!
A water moccasin zombie comes into view.
The phantom closely misses you.
You hit the phantom but do no damage. You headbutt the phantom.
The phantom is severely damaged.
Your horns disappear.
Your primal bloodlust is almost over.
The phantom hits you but does no damage.
You barely miss the phantom.
The phantom is severely damaged.
The phantom completely misses you.
You hit the phantom but do no damage.
The phantom is severely damaged.
The phantom barely misses you. The phantom closely misses you.
You see here a +0 robe.
You hit the phantom.
The phantom is almost destroyed.
The phantom hits you but does no damage.
A bullfrog skeleton comes into view.
You hit the phantom.
The phantom is almost destroyed.
Your primal bloodlust has ended.
The phantom hits you but does no damage.
You hit the phantom.
You destroy the phantom!
Your Unarmed Combat skill increases to level 3!
The ogre hits you with a +0 giant spiked club!!
You die...

#.# #Z# #.# #.# #
##############.# ##
#.####............[.# <#
#.....Z############## ##
#.##.O....# ... #@####.#
....#.# # ###...#.#
......#.# #....#.# #.
#.#.#.#..#.#
#.#+#.#.#.#....#
###.....#.#.#....##########
.##.....#.#.##............#


You could see an ogre and a water moccasin zombie.

Vanquished Creatures
  Grinder (D:4)
  3 ogres
  2 phantoms
  A scorpion (D:5)
  A bullfrog zombie (D:4)
  Jessica (D:2)
  An iguana (D:5)
  Natasha (D:2)
  A hound skeleton (D:4)
  A gnoll (D:1)
  6 adders
  2 worms (D:3)
  8 endoplasms
  A giant cockroach (D:4)
  6 goblins
  9 hobgoblins
  4 jackals (D:3)
  4 quokkas
  5 ball pythons
  6 bats
  2 frilled lizards (D:1)
  7 kobolds
  4 rats
77 creatures vanquished.

Vanquished Creatures (others)
  A withered plant (D:1)
1 creature vanquished.

Grand Total: 78 creatures vanquished

Notes
Turn   | Place    | Note
-------+----------+-------------------------------------------
     0 | D:1      | multipassport the Djinni Necromancer began the quest for
                  | the Orb.
     0 | D:1      | Reached XP level 1. HP: 15/15 MP: 0/0
    40 | D:1      | Reached XP level 2. HP: 5/22 MP: 0/0
   583 | D:1      | Reached skill level 1 in Fighting
  1090 | D:1      | Reached XP level 3. HP: 13/27 MP: 0/0
  1090 | D:1      | Learned a level 1 spell: Beastly Appendage
  1242 | D:1      | Found a faded altar of an unknown god.
  1606 | D:2      | Reached skill level 3 in Dodging
  1798 | D:2      | Noticed Jessica
  1802 | D:2      | Killed Jessica
  1803 | D:2      | Reached XP level 4. HP: 29/33 MP: 0/0
  2095 | D:2      | Noticed Natasha
  2101 | D:2      | Killed Natasha
  2213 | D:2      | Reached XP level 5. HP: 33/38 MP: 0/0
  2213 | D:2      | Learned a level 2 spell: Wereblood
  2908 | D:3      | Noticed an ogre
  3125 | D:3      | Killed an ogre
  3126 | D:3      | Reached skill level 4 in Dodging
  3126 | D:3      | Reached XP level 6. HP: 37/45 MP: 0/0
  3890 | D:4      | Found a runed translucent door.
  4063 | D:4      | Noticed Grinder
  4074 | D:4      | Paralysed by Grinder for 3 turns
  4084 | D:4      | Killed Grinder
  4085 | D:4      | Reached skill level 1 in Unarmed Combat
  4085 | D:4      | Reached XP level 7. HP: 10/51 MP: 0/0
  4085 | D:4      | Learned a level 2 spell: Corpse Rot
  4416 | D:4      | Reached skill level 5 in Dodging
  4808 | D:4      | Noticed Killmatronix's ghost (amateur DsWn)
  5697 | D:5      | Entered Level 5 of the Dungeon
  5750 | D:5      | Reached XP level 8. HP: 52/58 MP: 0/0
  6219 | D:5      | Slain by an ogre

Illustrated notes

Levels and vault maps discovered:
D:1:      minmay_arrival_glassed_features, layout_basic,
          shapermc_ecumenical_altar_gd
D:2:      layout_basic, kennysheep_generic_room_10, uniq_natasha, uniq_jessica
D:3:      layout_basic, serial_corexii_hall, corexii_hall_statues_l,
          corexii_hall_statues_i
D:4:      kennysheep_spiral_hall, layout_basic, ebering_ghost_sewer_d,
          minivault_23, uniq_grinder
D:5:      layout_basic, serial_shops, kennysheep_mini, st_stairs_2,
          hangedman_decor_peaks_small, kennysheep_generic_room_7

Skill      XL: |  1  2  3  4  5  6  7  8 |
---------------+-------------------------+-----
Fighting       | 1 2 3 4 |  4.5
Dodging        | 3 4 5 |  5.7
Spellcasting   | 4 |  4.9
Unarmed Combat | 1 2 3 |  3.0
Stealth        | |  1.5

Action                   |  1- 3 |  4- 6 |  7- 9 || total
-------------------------+-------+-------+-------++-------
Melee: Unarmed           |     1 |       |       ||     1
       Dagger            |     2 |    24 |    53 ||    79
       Headbutt          |       |     7 |     8 ||    15
       Punch             |       |       |     1 ||     1
 Cast: Pain              |    42 |    64 |    29 ||   135
       Vampiric Draining |       |    12 |    11 ||    23
       Beastly Appendage |       |     2 |     2 ||     4
       Wereblood         |       |     1 |     2 ||     3
  Use: Potion            |       |     6 |       ||     6
       Scroll            |       |     5 |       ||     5
Armor: Robe              |     1 |     5 |     5 ||    11
       Skin              |       |     1 |       ||     1
Dodge: Dodged            |     1 |    24 |    43 ||    68
